 Dungeon Crawl Stone Soup version 0.32-a0-42-ga30500b4d3 (webtiles) character file.

Game seed: 6370553676866258778

3548 seren the Jinx (level 10, -12/74 HPs)
             Began as a Formicid Hexslinger on Feb 2, 2024.
             Was a Follower of Fedhas.
             Mangled by a brown ugly thing (13 damage)
             ... on level 14 of the Dungeon.
             The game lasted 00:30:22 (8851 turns).

seren the Jinx (Formicid Hexslinger)                Turns: 8851, Time: 00:30:22

Health: -12/74     AC:  7    Str: 14    XL:     10   Next: 30%
Magic:  15/15      EV: 15    Int: 12    God:    Fedhas [*.....]
Gold:   405        SH:  0    Dex: 20    Spells: 8/16 levels left

rFire   . . .        a - +0 sling (freeze)
rCold   + . .        (no shield)
rNeg    . . .        x - +0 steam dragon scales
rPois   .            (helmet unavailable)
rElec   .            d - +0 cloak
rCorr   .            (no gloves)
SInv    +            (no boots)
Will    +....        (no amulet)
Stlth   ++           u - +4 ring of slaying
HPRegen 0.32/turn    e - ring of protection from cold
MPRegen 0.14/turn

%: no passive effects
@: no status effects
A: permanent stasis, dig shafts and tunnels, antennae 3, four strong arms
a: Dig, Shaft Self, Renounce Religion


You were on level 14 of the Dungeon.
You worshipped Fedhas.
Fedhas was aware of your devotion.
You visited 2 branches of the dungeon, and saw 14 of its levels.

You collected 405 gold pieces.

Inventory:

Hand Weapons
 a - a +0 sling of freezing (weapon)
 b - a +3 dagger of draining
 y - a +1 sling
Missiles
 c - 13 poisoned darts
 h - a throwing net
 z - 2 curare-tipped darts
Armour
 d - a +0 cloak (worn)
 x - +0 steam dragon scales (worn)
Magical Staves
 j - a staff of earth
Jewellery
 e - a ring of protection from cold (right hand)
 k - a ring of positive energy
 o - a ring of fire
 u - a +4 ring of slaying (left hand)
Wands
 q - a wand of paralysis (12)
 A - a wand of roots (6)
 D - a wand of flame (2)
Scrolls
 i - a scroll of enchant armour {unknown}
 l - a scroll of immolation {unknown}
 m - 2 scrolls of poison
 n - 6 scrolls of identify {unknown}
 r - a scroll of amnesia {unknown}
 t - a scroll of silence {unknown}
 w - a scroll of enchant weapon {unknown}
 C - a scroll of acquirement {unknown}
Potions
 g - a potion of curing
 p - 2 potions of attraction
 s - 2 potions of might
 v - a potion of resistance
 B - a potion of experience {unknown}
 E - a potion of heal wounds {unknown}


   Skills:
 - Level 5.0 Fighting
 * Level 6.8 Ranged Weapons
 - Level 4.0 Armour
 + Level 4.8 Dodging
 - Level 3.6 Spellcasting
 * Level 8.5 Hexes
 + Level 5.1 Fire Magic
 - Level 4.0 Evocations


You had 8 spell levels left.
You knew the following spells:

 Your Spells              Type           Power      Damage    Failure   Level
a - Jinxbite              Hex            44%        N/A       1%          2
b - Inner Flame           Hex/Fire       18%        N/A       4%          3
c - Sigil of Binding      Hex            22%        N/A       1%          3

Your spell library contained the following spells:

 Spells                   Type           Power      Damage    Failure   Level
 Cause Fear               Hex            11%        N/A       7%          4
 Dazzling Flash           Conj/Hex       24%        N/A       12%         3
 Sting                    Conj/Alch      8%         1d3       24%         1
 Summon Small Mammal      Summ           8%         N/A       24%         1
 Volatile Blastmotes      Fire/Tloc      16%        2d11      24%         3
 Mercury Vapours          Alch/Air       4%         N/A       34%         2
 Dimensional Bullseye     Hex/Tloc       6%         N/A       36%         4
 Call Canine Familiar     Summ           2%         N/A       56%         3
 Fugue of the Fallen      Necr           2%         N/A       56%         3
 Ozocubu's Armour         Ice            2%         N/A       56%         3
 Summon Blazeheart Golem  Fire/Summ      8%         N/A       63%         4
 Yara's Violent Unravell  Hex/Alch       6%         3d5       73%         5
 Manifold Assault         Tloc           2%         N/A       93%         4
 Olgreb's Toxic Radiance  Alch           2%         N/A       93%         4
 Enfeeble                 Hex            11%        N/A       99%         7
 Starburst                Conj/Fire      4%         6d3       100%        6
 Maxwell's Capacitive Co  Air            1%         ∞         100%        8


Dungeon Overview and Level Annotations

Branches:
Dungeon (12/15)            Temple (1/1) D:5            Lair (0/5) D:8
    Orc: D:9-12

Altars:
Elyvilon
Fedhas
Hepliaklqana
Makhleb
Nemelex Xobeh
Okawaru
Ru
Sif Muna
Uskayaw
Vehumet
Wu Jian
Yredelemnul
Zin
The Shining One

Shops:
D:5 =   D:6 :

Annotations:
D:3 exclusion: ice beast
D:4 exclusion: door
D:8 2 transporters, exclusion: hornet
D:9 3 runed translucent doors, exclusion: troll, BigAl98's ghost, journeyman KoEn
D:14 Anay's ghost, journeyman FoFi


Innate Abilities, Weirdness & Mutations

You cannot be hasted, slowed, berserked, paralysed or teleported.
You can dig through walls and to a lower floor.
You have a pair of large antennae on your head. (SInv)
Your four strong arms can wield two-handed weapons with a shield.


Message History

A red ugly thing comes into view.
The brown ugly thing basks in the mutagenic energy from its kin and changes!
The red ugly thing gurgles horribly!
You shoot a sling bullet.
The sling bullet hits the red ugly thing.
The sling bullet freezes the red ugly thing.
The red ugly thing is lightly wounded.
The red ugly thing barely misses you.
The red ugly thing basks in the mutagenic energy from its kin and changes!
You shoot a sling bullet.
The sling bullet hits the red ugly thing.
The sling bullet freezes the red ugly thing.
The red ugly thing is moderately wounded.
The red ugly thing basks in the mutagenic energy from its kin and changes!
The red ugly thing bites you!
You are engulfed in flames!
* * * LOW HITPOINT WARNING * * *
You shoot a sling bullet.
The sling bullet hits the brown ugly thing.
The sling bullet freezes the brown ugly thing.
The brown ugly thing is moderately wounded.
The red ugly thing closely misses you.
Unknown command.
Unknown command.
Unknown command.
The red ugly thing bites you.
* * * LOW HITPOINT WARNING * * *
You are engulfed in flames!
* * * LOW HITPOINT WARNING * * *
The brown ugly thing closely misses you.
The brown ugly thing completely misses you.
The red ugly thing barely misses you.
The brown ugly thing punches you but does no damage.
The brown ugly thing basks in the mutagenic energy from its kin and changes!
The red ugly thing bites you!
* * * LOW HITPOINT WARNING * * *
You are engulfed in flames!
* * * LOW HITPOINT WARNING * * *
The brown ugly thing punches you!
You die...
Fedhas appreciates your contribution to the ecosystem.

,,*,,,,...###.##.#.#.#
*,
*,,,,,,...###.##.#...#
*,
***,,,,.......##.#####
*,
*,,,,...######.....#
*,
*,,,,...#########.##
*,
*,,,,...#######...##
*, ***,***** ##.### *,
*,,,* #..# *,
***,***** *#@##*** *,
*,,,,,,,* #uuu...# *,
*,,,,,,,**** #......#
*, *,,,,,,,,,,*
#......# *,
*,,,,,,,**,***#$.....#
*,
*,,,,,,,**,,,,#......#
*<
*,,,,,,,*****,.......#
*, ,,,,,,,,*
**#......# *,
*,,,,,,,* *,,,,,,* *,


You could see 3 ugly things.

Vanquished Creatures
  A centaur zombie (D:11)
  3 yaks (D:7)
  A steam dragon (D:7)
  2 vampire mosquitoes (D:11)
  Menkaure (D:4)
  Edmund (D:4)
  Duvessa (D:5)
  3 ice beasts
  A black bear (D:6)
  An orc warrior (D:7)
  2 kobold brigands
  4 bullfrogs
  2 scorpions
  Dowan (D:5)
  4 killer bees
  4 jellies
  3 bombardier beetles
  2 orc priests
  A hound (D:4)
  A gnoll bouda (D:4)
  Jessica (D:2)
  7 iguanas
  3 orc wizards
  7 gnolls
  5 adders
  A shadow imp (D:7)
  2 white imps
  2 ufetubi (D:7)
  2 dart slugs (D:1)
  3 ribbon worms (D:2)
  23 orcs
  8 endoplasms
  A giant cockroach (D:1)
  3 goblins
  4 hobgoblins
  12 jackals
  8 kobolds
  7 quokkas
  6 ball pythons
  8 bats
  5 frilled lizards
  A goblin skeleton (D:7)
  2 hobgoblin zombies (D:7)
  An orc skeleton (D:7)
  2 orc zombies (D:7)
  6 rats
169 creatures vanquished.

Vanquished Creatures (others)
  A kobold (D:8)
1 creature vanquished.

Grand Total: 170 creatures vanquished

Notes
Turn   | Place    | Note
-------+----------+-------------------------------------------
     0 | D:1      | seren the Formicid Hexslinger began the quest for the Orb.
     0 | D:1      | Reached XP level 1. HP: 15/15 MP: 2/2
   123 | D:1      | Reached XP level 2. HP: 21/21 MP: 3/3
   349 | D:1      | Reached XP level 3. HP: 23/26 MP: 5/5
   511 | D:1      | You fall into a shaft and drop 1 floor!
   595 | D:1      | Learned a level 2 spell: Jinxbite
  1133 | D:2      | Reached skill level 4 in Hexes
  1247 | D:2      | Reached XP level 4. HP: 33/33 MP: 6/6
  1521 | D:2      | Noticed Jessica
  1531 | D:2      | Killed Jessica
  1753 | D:3      | Found a blossoming altar of Fedhas.
  1802 | D:3      | Noticed an ice beast
  2119 | D:3      | Reached XP level 5. HP: 35/39 MP: 8/8
  2127 | D:3      | Learned a level 3 spell: Inner Flame
  2185 | D:3      | Found a hide-covered altar of Uskayaw.
  2975 | D:4      | Noticed a bullfrog
  3022 | D:3      | Killed a bullfrog
  3023 | D:3      | Reached XP level 6. HP: 13/46 MP: 9/9
  3635 | D:4      | Reached XP level 7. HP: 52/52 MP: 9/11
  3717 | D:4      | Noticed Menkaure
  3725 | D:5      | Entered Level 5 of the Dungeon
  3729 | D:5      | Reached skill level 1 in Evocations
  3750 | D:4      | Killed Menkaure
  3751 | D:4      | Reached skill level 1 in Armour
  3763 | D:4      | Found a sparkling altar of Nemelex Xobeh.
  3837 | D:4      | Noticed Edmund
  3862 | D:4      | Killed Edmund
  3863 | D:4      | Reached skill level 5 in Hexes
  4220 | D:5      | Reached XP level 8. HP: 24/58 MP: 9/12
  4339 | D:5      | Learned a level 3 spell: Sigil of Binding
  4364 | D:5      | Found Veusugh's Jewellery Shoppe.
  4370 | D:5      | Found a burning altar of Makhleb.
  4380 | D:5      | Noticed Dowan
  4382 | D:5      | Noticed Duvessa
  4677 | D:5      | Found a staircase to the Ecumenical Temple.
  4687 | Temple   | Entered the Ecumenical Temple
  4872 | D:5      | Killed Duvessa
  4888 | D:5      | Killed Dowan
  5831 | D:3      | Became a worshipper of Fedhas Madash
  5979 | D:6      | Reached XP level 9. HP: 58/65 MP: 12/14
  6030 | D:6      | Found Lopusaeg's Self-Published Books.
  6049 | D:6      | Reached skill level 6 in Hexes
  6481 | D:7      | Found a shimmering blue altar of Sif Muna.
  6635 | D:7      | Found a glowing golden altar of the Shining One.
  6643 | D:7      | Reached * piety under Fedhas
  6772 | D:7      | Reached skill level 5 in Ranged Weapons
  7056 | D:7      | Found a white marble altar of Elyvilon.
  7397 | D:8      | Noticed a hornet
  7469 | D:8      | Found a transporter.
  7540 | D:8      | Found a staircase to the Lair.
  7541 | D:8      | Noticed a komodo dragon
  7692 | D:7      | Reached skill level 7 in Hexes
  7700 | D:7      | Reached skill level 5 in Fighting
  7858 | D:8      | Reached XP level 10. HP: 41/70 MP: 15/15
  7860 | D:8      | You fall into a shaft and drop 2 floors!
  7860 | D:10     | Entered Level 10 of the Dungeon
  8017 | D:8      | Found a transporter.
  8298 | D:9      | Found a runed translucent gate.
  8298 | D:9      | Found a runed translucent gate.
  8298 | D:9      | Found a runed translucent gate.
  8298 | D:9      | Noticed BigAl98's ghost (journeyman KoEn)
  8300 | D:9      | Found a basalt altar of Yredelemnul.
  8326 | D:9      | HP: 3/74 [unseen horror zombie (3)]
  8327 | D:9      | You fall into a shaft and drop 3 floors!
  8593 | D:11     | Reached skill level 8 in Hexes
  8607 | D:11     | Reached skill level 5 in Fire Magic
  8670 | D:11     | Noticed a two-headed ogre
  8675 | D:11     | You fall into a shaft and drop 3 floors!
  8812 | D:14     | Noticed Anay's ghost (journeyman FoFi)
  8841 | D:14     | Noticed a red ugly thing
  8841 | D:14     | Noticed a red ugly thing
  8843 | D:14     | Noticed a red ugly thing
  8851 | D:14     | HP: 1/74 [red ugly thing (14)]
  8851 | D:14     | Mangled by a brown ugly thing

Illustrated notes

Levels and vault maps discovered:
D:1:      dpeg_arrival_houses_and_road, layout_loops_corners, serial_aquarium,
          aquarium_bridge_straight [aquarium_subvault_bridge,
          aquarium_subvault_balcony, aquarium_subvault_bridge,
          aquarium_subvault_wall], aquarium_window_1, aquarium_window_fake,
          aquarium_window_2, aquarium_view_2d, st_stairs_2, nrook_loot_triangle
D:2:      layout_basic, serial_bayou, serial_bayou_ford_a, serial_bayou_lake_a,
          serial_bayou_shore_a, serial_bayou_crossing, uniq_jessica
D:3:      layout_basic, fedhas_altar_4, general_overflow_altar,
          minmay_misc_feat_doors
D:4:      layout_rooms, nemelex_xobeh_ov_fountains_minmay, grunt_ministairs_4,
          lightli_minifort, uniq_menkaure, uniq_edmund
D:5:      layout_rooms, bloody_makhleb, minmay_temple_entry_waves, serial_shops,
          nicolae_shop_tiny_statue_garden, uniq_duvessa
D:6:      layout_loops_ring, nicolae_custom_books, st_stairs_10
D:7:      layout_rooms, mainiacjoe_overflow_brackets,
          mainiacjoe_overflow_catwalk, nicolae_tso_besieged_by_evil,
          kennysheep_nub, minmay_crossroads
D:8:      layout_loops_cross, slow_altar_2, mainiacjoe_overflow_alcove_2,
          marbit_many_paths, david_lair_shrubbed,
          gammafunk_ghost_wrathful_warriors, kennysheep_kite_vault
D:9:      layout_roguey, nicolae_dithmenos_through_a_glass_darkly,
          nicolae_yredelemnul_ghost_church, amcnicky_altar_gilded
D:10:     layout_stronghold, mainiacjoe_overflow_alcove_4,
          nicolae_overflow_crystal_walls, ashenzari_altar_1, serial_shops,
          nicolae_shop_trees, nicolae_shop_just_a_little_nook,
          nicolae_shop_temple_entry_statues_fountains, minmay_three_doors
D:11:     layout_rooms, david_orc_2, serial_undead, serial_undead_e,
          serial_undead_b, serial_undead_d, serial_undead_d,
          hangedman_decor_push, minmay_puff, uniq_lodul, uniq_sonja
D:12:     layout_irregular_city, nicolae_uskayaw_suspiria, uniq_josephine,
          uniq_azrael
D:14:     layout_roguey, ebering_ghost_disaster_area
Temple:   nicolae_temple_ecumenical_triangle

Skill      XL: |  1  2  3  4  5  6  7  8  9 10 |
---------------+-------------------------------+-----
Dodging        | 2 3 4 |  4.8
Hexes          | 4 5 7 8 |  8.5
Fighting       | 2 3 4 5 |  5.0
Spellcasting   | 2 3 |  3.6
Fire Magic     | 2 3 4 5 |  5.1
Ranged Weapons | 3 4 5 6 |  6.8
Evocations     | 2 3 4 |  4.0
Armour         | 1 3 4 |  4.0

Action                     |  1- 3 |  4- 6 |  7- 9 | 10-12 || total
---------------------------+-------+-------+-------+-------++-------
  Melee: Dagger            |       |    22 |    18 |       ||    40
         Punch             |       |     1 |       |       ||     1
   Fire: Sling             |    88 |   155 |   343 |    59 ||   645
   Cast: Jinxbite          |     1 |     7 |    19 |     3 ||    30
         Sigil of Binding  |       |       |     1 |       ||     1
Ability: Dig               |     1 |     1 |     1 |       ||     3
         Shaft Self        |     1 |       |       |     3 ||     4
  Evoke: Wand              |       |     1 |     8 |       ||     9
    Use: Potion            |       |     6 |     1 |       ||     7
         Scroll            |       |     3 |       |     3 ||     6
   Stab: Paralysed         |       |     1 |    18 |       ||    19
 Armour: Robe              |    25 |    46 |       |       ||    71
         Leather armour    |       |     4 |    49 |       ||    53
         Steam dragon scal |       |       |    42 |    74 ||   116
  Dodge: Dodged            |    30 |    70 |   152 |    84 ||   336

Table legend: (Time is in decaauts)
 A = Elapsed time spent in this place.
 B = Non-inter-level travel time spent in this place.
 C = Inter-level travel time spent in this place.
 D = Time resting spent in this place.
 E = Time spent auto-exploring this place.
 F = Levels seen in this place.
 G = Mean time per level.
                   A        B        C        D        E       F      G
               +--------+--------+--------+--------+--------+-----+--------+
         Total |   9048 |   8174 |    874 |   1991 |   3415 |  14 |  646.3 |
       Dungeon |   8896 |   8022 |    874 |   1876 |   3415 |  13 |  684.3 |
        Temple |    152 |    152 |      0 |    115 |      0 |   1 |  152.0 |
               +--------+--------+--------+--------+--------+-----+--------+

Top non-repeatable levels by time:
     D:3: 1531 daAuts
     D:4: 1280 daAuts
     D:6: 1256 daAuts
     D:7: 1158 daAuts
     D:1: 1012 daAuts
     D:5: 732 daAuts
     D:2: 723 daAuts
     D:9: 360 daAuts
    D:12: 247 daAuts
     D:8: 216 daAuts
    D:14: 176 daAuts
  Temple: 152 daAuts
    D:11: 101 daAuts
    D:10: 100 daAuts
